 Dungeon Crawl Stone Soup version 0.24-a0-434-gd57e52fea8 (webtiles) character file.

Game seed: 6056755734863748847

2342 vurker the Cleaver (level 9, -1/82 HPs)
             Began as a Minotaur Fighter on June 15, 2019.
             Was a Believer of Yredelemnul.
             Killed from afar by Erica (19 damage)
             ... with a bolt of poison
             ... on level 7 of the Dungeon.
             The game lasted 00:11:14 (6468 turns).

vurker the Cleaver (Minotaur Fighter)               Turns: 6468, Time: 00:11:15

Health: -1/82      AC: 11    Str: 23    XL:     9   Next: 20%
Magic:  11/11      EV:  4    Int:  5    God:    Yredelemnul [**....]
Gold:   342        SH: 10    Dex: 11    Spells: 8/8 levels left

rFire    . . .     SeeInvis .   a - +1 war axe
rCold    + . .     Gourm    .   c - +1 shield
rNeg     . . .     Faith    .   y - +0 plate armour
rPois    .         Spirit   .   (helmet restricted)
rElec    .         Reflect  .   (no cloak)
rCorr    .         Harm     .   (no gloves)
MR       .....                  (no boots)
Stlth    ..........             v - amulet of the acrobat
HPRegen  0.23/turn              o - ring of protection from cold
MPRegen  0.12/turn              (no ring)

@: lethally poisoned (-1 -> -24), hasted and slowed, invisible
A: retaliatory headbutt, horns 2
a: Animate Remains, Recall Undead Slaves, Injury Mirror, Renounce Religion


You were on level 7 of the Dungeon.
You worshipped Yredelemnul.
Yredelemnul was pleased with you.
You were not hungry.

You visited 2 branches of the dungeon, and saw 9 of its levels.

You collected 342 gold pieces.

Inventory:

Hand Weapons
 a - a +1 war axe (weapon)
Armour
 b - a +0 cloak
   (You took it off Crazy Yiuf on level 4 of the Dungeon)
 c - a +1 shield (worn)
 y - a +0 plate armour (worn)
   (You found it on level 4 of the Dungeon)
Jewellery
 o - a ring of protection from cold (left hand)
   (You found it on level 7 of the Dungeon)
 v - an amulet of the acrobat (around neck)
   (You found it on level 4 of the Dungeon)
Wands
 h - a wand of polymorph (7)
   (You found it on level 3 of the Dungeon)
 p - a wand of enslavement (4)
   (You found it on level 4 of the Dungeon)
 t - a wand of flame (11)
   (You took it off Ijyb on level 3 of the Dungeon)
Scrolls
 g - 5 scrolls of identify {@r1}
 j - a scroll of teleportation {@r4}
 k - 3 scrolls of enchant weapon
 n - a scroll of enchant armour
 s - 2 scrolls of fog
 w - 5 scrolls of remove curse {@r2}
 z - 2 scrolls of blinking
Potions
 d - a potion of might
 f - a potion of brilliance {unknown}
 i - a potion of invisibility
 l - 3 potions of haste {@q3}
 m - 2 potions of curing {unknown}
 q - 2 potions of agility
 r - a potion of flight {unknown}
 u - a potion of magic {unknown}
 x - a potion of heal wounds {unknown}
 A - a potion of lignification {unknown}
 C - a potion of cancellation {unknown}
Comestibles
 e - 17 rations {!d}


   Skills:
 + Level 8.4 Fighting
 * Level 11.0 Axes
 - Level 3.6 Armour
 - Level 3.6 Shields
 + Level 5.2 Invocations


You had 8 spell levels left.
You didn't know any spells.
Your spell library contained the following spells:

 Spells                   Type           Power        Failure   Level  Hunger
 Animate Skeleton         Necr           N/A          100%        1    ##.....
 Apportation              Tloc           #.....       100%        1    ##.....
 Confusing Touch          Hex            #.....       100%        1    ##.....
 Summon Small Mammal      Summ           #...         100%        1    ##.....


Dungeon Overview and Level Annotations

Branches:
Dungeon (8/15)             Temple (1/1) D:4
   Lair: D:8-11

Altars:
Ashenzari
Cheibriados
Dithmenos
Elyvilon
Gozag
Hepliaklqana
Kikubaaqudgha
Makhleb
Nemelex Xobeh
Okawaru
Qazlal
Ru
Sif Muna
Trog
Uskayaw
Vehumet
Xom
Yredelemnul
Zin
The Shining One

Annotations:
D:7 Erica


Innate Abilities, Weirdness & Mutations

You reflexively headbutt those who attack you in melee.
You have a pair of horns on your head.


Message History

You completely miss the howler monkey. You closely miss the bullfrog.
You hit something. The bullfrog hits you. Something hits you.
Something burns you. You block the howler monkey's attack.
You block the bullfrog's attack.
The howler monkey hoots and howls with incredible vigour!
Something hits you but does no damage.
Your shield and plate armour prevent you from hitting the howler monkey.
You headbutt the howler monkey.
You kill the howler monkey!
Yredelemnul accepts your kill.
Your Axes skill increases to level 11!
You slash something! You closely miss the bullfrog.
The bullfrog hits you but does no damage.
You block the bullfrog's attack. Something hits you. Something burns you.
The bullfrog hits you but does no damage.
You closely miss the bullfrog.
Your plate armour prevents you from hitting something.
The bullfrog hits you but does no damage.
Something hits you. Something burns you.
* * * LOW HITPOINT WARNING * * *
The bullfrog hits you.
* * * LOW HITPOINT WARNING * * *
You hit the bullfrog. You miss something. You block the bullfrog's attack.
You hear some strange, mumbled words.
A bolt of poison appears from out of thin air!
The bolt of poison hits you!
You are poisoned.
* * * LOW HITPOINT WARNING * * *
The bullfrog barely misses you. Something hits you.
* * * LOW HITPOINT WARNING * * *
Something burns you.
* * * LOW HITPOINT WARNING * * *
It was a potion of haste.
You feel yourself speed up.
You feel sick. You block the bullfrog's attack. The bullfrog barely misses you.
Something hits you but does no damage. You block the bullfrog's attack.
You fade into invisibility!
You feel sick.
The bullfrog hits you but does no damage.
You hear some strange, mumbled words.
A bolt of poison appears from out of thin air!
The bolt of poison hits you!!
You are lethally poisoned!
You die...
Your body rises from the dead as a mindless zombie.

...#### #.###.# #... ...÷..##
#..##.# #.## ..###..## ##.##.#
####... ### ##.<## #.##.# #.....#
##.(## #.##.# ###.#..## ##..##
#.##.####.....##
##..######.##......#.##### ###
##.....†.................
..##########....@)...############
........##...##.F#.#.# ###
.######.##.####.##...# #.. .#
#.#..# ##.#...## ##.. .##
#....###..#..## #..#
..#######......##..## ###...
.....##.............########....#
................................#
.....###...##...##..######..#...#


You could see a bullfrog.

Vanquished Creatures
  A spriggan (D:7)
  2 ice beasts
  4 centaurs
  2 sky beasts
  An ogre (D:4)
  A big kobold (D:7)
  4 howler monkeys
  4 wights (D:8)
  A crimson imp (D:5)
  A centaur zombie (D:5)
  Crazy Yiuf (D:4)
  4 jellies
  2 orc wizards (D:5)
  3 orc priests
  A bullfrog skeleton (D:4)
  4 hounds
  Jessica (D:3)
  Ijyb (D:3)
  Terence (D:3)
  3 iguanas
  5 worker ants
  2 hound skeletons (D:5)
  A hound zombie (D:5)
  A worker ant zombie (D:6)
  8 adders
  An ooze (D:6)
  2 adder skeletons (D:4)
  7 worms
  A dart slug (D:1)
  3 leopard geckos
  14 orcs
  3 ball pythons
  8 bats
  10 giant cockroaches
  4 goblins
  4 hobgoblins
  9 jackals
  11 kobolds
  4 quokkas
  4 frilled lizards
  A giant cockroach zombie (D:5)
  3 leopard gecko zombies
  A quokka skeleton (D:5)
  7 rats
156 creatures vanquished.

Notes
Turn   | Place    | Note
-------+----------+-------------------------------------------
     0 | D:1      | vurker the Minotaur Fighter began the quest for the Orb.
     0 | D:1      | Reached XP level 1. HP: 19/19 MP: 0/0
   155 | D:1      | Reached skill level 3 in Axes
   160 | D:1      | Reached XP level 2. HP: 20/27 MP: 1/1
   573 | D:2      | Reached XP level 3. HP: 32/33 MP: 2/2
   681 | D:2      | Reached skill level 4 in Axes
  1354 | D:3      | Reached XP level 4. HP: 41/41 MP: 3/3
  1519 | D:3      | Noticed Jessica
  1527 | D:3      | Killed Jessica
  1527 | D:3      | Reached skill level 5 in Axes
  1539 | D:3      | Noticed Terence
  1540 | D:3      | Noticed Ijyb
  1545 | D:3      | Killed Terence
  1547 | D:3      | Reached XP level 5. HP: 24/47 MP: 4/4
  1557 | D:3      | Killed Ijyb
  1557 | D:3      | Reached skill level 5 in Fighting
  1957 | D:3      | Found a glowing drain.
  2455 | D:4      | Reached skill level 6 in Axes
  2531 | D:4      | Got a pitted scale mail
  2554 | D:4      | Found a staircase to the Ecumenical Temple.
  2574 | Temple   | Entered the Ecumenical Temple
  2684 | Temple   | Became a worshipper of Yredelemnul the Dark
  2717 | D:4      | Reached XP level 6. HP: 56/56 MP: 5/5
  2738 | D:4      | Reached skill level 1 in Invocations
  2947 | D:4      | Reached skill level 7 in Axes
  3065 | D:4      | Found a runed translucent door.
  3066 | D:4      | Noticed Crazy Yiuf
  3398 | D:4      | Reached XP level 7. HP: 28/63 MP: 7/7
  3698 | D:4      | Killed Crazy Yiuf
  3875 | D:5      | Entered Level 5 of the Dungeon
  3888 | D:5      | Reached * piety under Yredelemnul
  3922 | D:5      | Reached skill level 8 in Axes
  4212 | D:5      | Reached XP level 8. HP: 58/71 MP: 9/9
  4346 | D:5      | Reached skill level 9 in Axes
  4727 | D:6      | Found a snail-covered altar of Cheibriados.
  4779 | D:6      | Found a shimmering altar of Xom.
  5262 | D:7      | Found an ancient bone altar of Kikubaaqudgha.
  5402 | D:7      | Found a burning altar of Makhleb.
  5711 | D:7      | Found a hide-covered altar of Uskayaw.
  5716 | D:7      | Reached ** piety under Yredelemnul
  5718 | D:7      | Found a shattered altar of Ashenzari.
  5721 | D:7      | Found a bloodstained altar of Trog.
  5813 | D:7      | Reached skill level 10 in Axes
  5885 | D:7      | Found a shimmering altar of Xom.
  5887 | D:7      | Found a deep blue altar of Sif Muna.
  5887 | D:7      | Found an iron altar of Okawaru.
  5889 | D:7      | Found a shimmering altar of Xom.
  5889 | D:7      | Found a burning altar of Makhleb.
  5889 | D:7      | Found an ancient bone altar of Kikubaaqudgha.
  6116 | D:8      | Reached XP level 9. HP: 75/81 MP: 11/11
  6117 | D:8      | Noticed Erica
  6120 | D:8      | Reached skill level 5 in Invocations
  6464 | D:7      | Reached skill level 11 in Axes
  6468 | D:7      | Killed from afar by Erica

Levels and vault maps discovered:
D:1:      nzn_arrival_water_spiral, layout_rooms
D:2:      layout_rooms, minmay_door_square, wad_orctagon
D:3:      layout_basic, cheibrodos_sewer_entry_bend, hangedman_decor_growths,
          uniq_jessica, uniq_terence, uniq_ijyb
D:4:      layout_cave_pools, minmay_temple_entry_butterflies, first_ration,
          dk_noncrumbling_2, uniq_crazy_yiuf_cottage
D:5:      layout_rooms
D:6:      layout_rooms, nicolae_overflow_crystal_walls, cheibrodos_worm_habitat
D:7:      layout_rooms, lemuel_doored_altar, grunt_temple_overflow_open,
          overflow_temple_1_default, the_bakery, doesnt_xom_only_xom
D:8:      minmay_the_grid_plus [minmay_the_grid_tiny_cups, minmay_the_grid_fan,
          minmay_the_grid_holed_spiral, minmay_the_grid_tree,
          minmay_the_grid_prize_inner_circle], layout_cave_pools,
          marbit_many_paths, kennysheep_mini, special_room [special_room_orc],
          uniq_erica
Temple:   nicolae_temple_great_sept

Skill      XL: |  1  2  3  4  5  6  7  8  9 |
---------------+----------------------------+-----
Axes           | 3 4 5 6 7 8 10 11 | 11.0
Fighting       | 4 5 6 8 |  8.4
Invocations    | 1 3 4 5 |  5.2
Armour         | |  3.6
Shields        | |  3.6

Action                   |  1- 3 |  4- 6 |  7- 9 || total
-------------------------+-------+-------+-------++-------
Melee: War axe           |    74 |   113 |   200 ||   387
       Headbutt          |    14 |    24 |    39 ||    77
  Use: Scroll            |       |     9 |     3 ||    12
       Potion            |       |       |     2 ||     2
  Eat: Chunk             |     1 |     7 |     6 ||    14
       Ration            |       |       |     2 ||     2
Armor: Scale mail        |    35 |    39 |       ||    74
       Plate armour      |       |       |    92 ||    92
Dodge: Dodged            |    16 |    29 |    35 ||    80
Block: Shield            |    39 |    59 |    94 ||   192

Table legend:
 A = Non-vault XP
 B = Vault XP
 C = Vault XP percentage of total XP
 D = Non-vault monster count
 E = Vault monster count
 F = Vault count percentage of total count
                 A         B        C        D         E       F
            +---------+---------+-------+---------+---------+-------
      Total |    2953 |     393 |  11.7 |     144 |      12 |   7.7
            +---------+---------+-------+---------+---------+-------
        D:1 |      23 |       0 |   0.0 |      13 |       0 |   0.0
        D:2 |      46 |      12 |  20.7 |      16 |       4 |  20.0
        D:3 |      61 |     119 |  66.1 |      22 |       5 |  18.5
        D:4 |     517 |      42 |   7.5 |      26 |       1 |   3.7
        D:5 |     777 |       0 |   0.0 |      22 |       0 |   0.0
        D:6 |     278 |       5 |   1.8 |      14 |       1 |   6.7
        D:7 |     626 |     215 |  25.6 |      18 |       1 |   5.3
        D:8 |     625 |       0 |   0.0 |      13 |       0 |   0.0
            +---------+---------+-------+---------+---------+-------
